TOP OF THE 1ST |
---|
Bismark Border Guards batting - Pitching for San Diego Smashers : RHP Chris Jacobs | Pitching: RHP Chris Jacobs | | Batting: RHB Alfredo Farías | 0-0: Ball 1-0: Ball 2-0: Called Strike 2-1: Fly out, F9 (Flyball, 9) | Batting: LHB Will Hill | 0-0: Called Strike 0-1: Ball 1-1: Foul Ball, location: 2F 1-2: Ball 2-2: Foul Ball, location: 2F 2-2: Ball 3-2: Foul Ball, location: 2F 3-2: SINGLE (Groundball, 34D) | Batting: RHB Jackson Gibson | 0-0: Ball 1-0: Ball 2-0: Fielders Choice at 2nd, 2-4 (Groundball, 2L) | Batting: LHB Alan Moore | 0-0: Ball 1-0: Foul Ball, location: 2F 1-1: Ball 2-1: Fly out, F8 (Flyball, 78D) | Top of the 1st over - 0 runs, 1 hit, 0 errors, 1 left on base; Bismark 0 - San Diego 0 | BOTTOM OF THE 1ST |
---|
San Diego Smashers batting - Pitching for Bismark Border Guards : RHP Adrián Sandoval | Pitching: RHP Adrián Sandoval | | Batting: LHB Dale Miller | 0-0: Ground out 4-3 (Groundball, 4) | Batting: LHB Richard Brooks | 0-0: Ball 1-0: Called Strike 1-1: Ball 2-1: Foul Ball, location: 2F 2-2: Ball 3-2: SINGLE (Flyball, 7S) | Batting: LHB John White | 0-0: Swinging Strike 0-1: Ball 1-1: Foul Ball, location: 2F 1-2: Foul Ball, location: 2F 1-2: Strikes out swinging | Batting: LHB Steven Smith | 0-0: Called Strike 0-1: Called Strike 0-2: Ground out 4-3 (Groundball, 4M) | Bottom of the 1st over - 0 runs, 1 hit, 0 errors, 1 left on base; Bismark 0 - San Diego 0 | TOP OF THE 2ND |
---|
Bismark Border Guards batting - Pitching for San Diego Smashers : RHP Chris Jacobs | Batting: RHB Vincent Braun | 0-0: Ball 1-0: Swinging Strike 1-1: Ball 2-1: SOLO HOME RUN (Flyball, 78XD), Distance : 403 ft | Batting: RHB Danny Spode | 0-0: Called Strike 0-1: Ball 1-1: SINGLE (Groundball, 56D) | Batting: RHB Sergio Solíz | 0-0: Hit by Pitch Danny Spode to second | Batting: LHB Kelsey Scott | 0-0: Called Strike 0-1: Ball 1-1: Foul Ball, location: 2F 1-2: Fly out, F5 (Popup, 5SF) | Batting: RHB Rodrigo García | 0-0: Ball 1-0: Ball 2-0: Foul Ball, location: 2F 2-1: Ball 3-1: Base on Balls Danny Spode to third Sergio Solíz to second | Batting: RHB Alfredo Farías | 0-0: Ball 1-0: Called Strike 1-1: Ball 2-1: Foul Ball, location: 2F 2-2: SINGLE (Groundball, 4MD) Danny Spode scores Sergio Solíz to third Rodrigo García to second Runner from 3rd tries for Home, SAFE, no throw | Batting: LHB Will Hill | 0-0: Ball 1-0: Ball 2-0: Called Strike 2-1: Foul Ball, location: 2F 2-2: Strikes out swinging | Batting: RHB Jackson Gibson | 0-0: Called Strike 0-1: Hit by Pitch Rodrigo García to third Alfredo Farías to second | Batting: LHB Alan Moore | 0-0: Fly out, F7 (Flyball, 78S) | Top of the 2nd over - 3 runs, 3 hits, 0 errors, 3 left on base; Bismark 3 - San Diego 0 | BOTTOM OF THE 2ND |
---|
San Diego Smashers batting - Pitching for Bismark Border Guards : RHP Adrián Sandoval | Batting: RHB Gerald Davis | 0-0: Swinging Strike 0-1: Ball 1-1: Ball 2-1: Ground out 4-3 (Groundball, 4) | Batting: RHB Ray Rogers | 0-0: Called Strike 0-1: Swinging Strike 0-2: Ball 1-2: Foul Ball, location: 2F 1-2: Strikes out looking | Batting: SHB Michael Aisher | 0-0: Ball 1-0: Ball 2-0: Foul Ball, location: 2F 2-1: Foul Ball, location: 2F 2-2: Ground out 5-3 (Groundball, 56) | Bottom of the 2nd over - 0 runs, 0 hits, 0 errors, 0 left on base; Bismark 3 - San Diego 0 | TOP OF THE 3RD |
---|
Bismark Border Guards batting - Pitching for San Diego Smashers : RHP Chris Jacobs | Batting: RHB Vincent Braun | 0-0: Ball 1-0: SINGLE (Flyball, 9LM) | Batting: RHB Danny Spode | 0-0: Foul Ball, location: 2F 0-1: Grounds into double play, 5-4-3 (Groundball, 56) | Batting: RHB Sergio Solíz | 0-0: Foul Ball, location: 2F 0-1: Ball 1-1: SINGLE (Groundball, 6) (infield hit) | Batting: LHB Kelsey Scott | 0-0: Ball Sergio Solíz steals 2nd base 1-0: Ball 2-0: Foul Ball, location: 2F 2-1: Ball 3-1: Called Strike 3-2: SINGLE (Groundball, 6D) Sergio Solíz to third Sergio Solíz scores | Batting: RHB Rodrigo García | 0-0: Ball 1-0: Ball 2-0: SINGLE (Groundball, 6MD) Kelsey Scott to second Runner from 2nd tries for 3rd, SAFE, no throw | Batting: RHB Alfredo Farías | 0-0: Called Strike 0-1: Swinging Strike 0-2: Strikes out looking | Top of the 3rd over - 1 run, 4 hits, 0 errors, 2 left on base; Bismark 4 - San Diego 0 | BOTTOM OF THE 3RD |
---|
San Diego Smashers batting - Pitching for Bismark Border Guards : RHP Adrián Sandoval | Batting: LHB Nick Hill | 0-0: Called Strike 0-1: Ball 1-1: Swinging Strike 1-2: Ball 2-2: DOUBLE (Line Drive, 9LS) | Batting: RHB Juan Morales | 0-0: Called Strike 0-1: Ball 1-1: Ground out U3 (Groundball, 34) Nick Hill to third | Batting: LHB Dale Miller | 0-0: Ball 1-0: Called Strike 1-1: Ball 2-1: Fly out, F7 (Flyball, 78S) Runner from 3rd tags up, SCORES, no throw | Batting: LHB Richard Brooks | 0-0: Ball 1-0: Swinging Strike 1-1: Foul Ball, location: 2F 1-2: Ground out 6-3 (Groundball, 6) | Bottom of the 3rd over - 1 run, 1 hit, 0 errors, 0 left on base; Bismark 4 - San Diego 1 | TOP OF THE 4TH |
---|
Bismark Border Guards batting - Pitching for San Diego Smashers : RHP Chris Jacobs | Batting: LHB Will Hill | 0-0: Hit by Pitch | Batting: RHB Jackson Gibson | 0-0: Ball 1-0: Foul Ball, location: 2F 1-1: Ball 2-1: Ball 3-1: Called Strike 3-2: Fly out, F4 (Line Drive, 4M) | Batting: LHB Alan Moore | 0-0: Ball 1-0: Grounds into double play, 1-6-3 (Groundball, 13) | Top of the 4th over - 0 runs, 0 hits, 0 errors, 0 left on base; Bismark 4 - San Diego 1 | BOTTOM OF THE 4TH |
---|
San Diego Smashers batting - Pitching for Bismark Border Guards : RHP Adrián Sandoval | Batting: LHB John White | 0-0: Called Strike 0-1: Foul Ball, location: 2F 0-2: Ball 1-2: Fly out, F9 (Flyball, 9S) | Batting: LHB Steven Smith | 0-0: Ball 1-0: Ball 2-0: Called Strike 2-1: Foul Ball, location: 2F 2-2: Foul Ball, location: 2F 2-2: Ball 3-2: Base on Balls | Batting: RHB Gerald Davis | 0-0: Ball 1-0: Ball 2-0: Foul Ball, location: 2F 2-1: Ball 3-1: Grounds into double play, 5-4-3 (Groundball, 5L) | Bottom of the 4th over - 0 runs, 0 hits, 0 errors, 0 left on base; Bismark 4 - San Diego 1 | TOP OF THE 5TH |
---|
Bismark Border Guards batting - Pitching for San Diego Smashers : RHP Chris Jacobs | Batting: RHB Vincent Braun | 0-0: Ball 1-0: SINGLE (Groundball, 56D) | Batting: RHB Danny Spode | 0-0: Ball 1-0: Swinging Strike 1-1: Foul Ball, location: 2F 1-2: Foul Ball, location: 2F 1-2: Foul Ball, location: 2F Balk! Vincent Braun to second 1-2: SINGLE (Groundball, 56D) Vincent Braun to third Runner from 3rd tries for Home, SAFE, no throw | Pitching: RHP Andrés Franco | | Batting: RHB Sergio Solíz | 0-0: Ball 1-0: Ball 2-0: Ball 3-0: Base on Balls Danny Spode to second | Batting: LHB Kelsey Scott | 0-0: Called Strike 0-1: Ball 1-1: Ball 2-1: Called Strike 2-2: Ball 3-2: Foul Ball, location: 2F 3-2: Base on Balls Danny Spode to third Sergio Solíz to second | Batting: RHB Rodrigo García | 0-0: Ball 1-0: Foul Ball, location: 2F 1-1: Ball 2-1: Ball 3-1: Base on Balls Danny Spode scores Sergio Solíz to third Kelsey Scott to second | Batting: RHB Alfredo Farías | 0-0: Ball 1-0: Called Strike 1-1: Called Strike 1-2: Strikes out swinging | Batting: LHB Will Hill | 0-0: Hit by Pitch Sergio Solíz scores Kelsey Scott to third Rodrigo García to second | Batting: RHB Jackson Gibson | 0-0: Called Strike 0-1: Ball 1-1: Ball 2-1: Ball 3-1: Base on Balls Kelsey Scott scores Rodrigo García to third Will Hill to second | Batting: LHB Alan Moore | 0-0: Fielders Choice at 2nd, 4-6 (Groundball, 34D) Rodrigo García scores Will Hill to third | Batting: RHB Vincent Braun | 0-0: Fly out, F9 (Line Drive, 89M) | Top of the 5th over - 5 runs, 2 hits, 0 errors, 2 left on base; Bismark 9 - San Diego 1 | BOTTOM OF THE 5TH |
---|
San Diego Smashers batting - Pitching for Bismark Border Guards : RHP Adrián Sandoval | Batting: RHB Ray Rogers | 0-0: Ball 1-0: Foul Ball, location: 2F 1-1: Foul Ball, location: 2F 1-2: Foul Ball, location: 2F 1-2: Ball 2-2: SINGLE (Groundball, 56D) | Batting: SHB Michael Aisher | 0-0: Called Strike 0-1: Foul Ball, location: 2F 0-2: Ground out 4-3 (Groundball, 4S) Ray Rogers to second | Batting: LHB Nick Hill | 0-0: Swinging Strike 0-1: Ball 1-1: Ball 2-1: Ball 3-1: Called Strike 3-2: Base on Balls | Batting: RHB Juan Morales | 0-0: Called Strike 0-1: SINGLE (Groundball, 4D) Ray Rogers to third Nick Hill to second | Batting: LHB Dale Miller | 0-0: Called Strike 0-1: Grounds into double play, 4-6-3 (Groundball, 4) | Bottom of the 5th over - 0 runs, 2 hits, 0 errors, 2 left on base; Bismark 9 - San Diego 1 | TOP OF THE 6TH |
---|
Bismark Border Guards batting - Pitching for San Diego Smashers : RHP Andrés Franco | Batting: RHB Danny Spode | 0-0: Called Strike 0-1: Foul Ball, location: 2F 0-2: Foul Ball, location: 2F 0-2: Ball 1-2: Ground out 1-3 (Groundball, 13) | Batting: RHB Sergio Solíz | 0-0: Called Strike 0-1: SINGLE (Groundball, 34) (infield hit) | Batting: LHB Kelsey Scott | 0-0: Called Strike 0-1: Ball 1-1: Ball 2-1: Ball 3-1: Base on Balls Sergio Solíz to second | Pitching: RHP Eric Johnston | | Batting: RHB Rodrigo García | 0-0: Called Strike 0-1: Swinging Strike 0-2: Ball 1-2: Ball 2-2: Strikes out swinging | Batting: RHB Alfredo Farías | 0-0: SINGLE (Line Drive, 8RS) Sergio Solíz to third Kelsey Scott to second Runner from 3rd tries for Home, SAFE, throw made home | Batting: LHB Will Hill | 0-0: Called Strike 0-1: Ball Wild Pitch! Kelsey Scott to third Alfredo Farías to second 1-1: 3-RUN HOME RUN (Flyball, 89XD), Distance : 397 ft | Batting: RHB Jackson Gibson | 0-0: Foul Ball, location: 2F 0-1: Foul Ball, location: 2F 0-2: Fly out, F7 (Line Drive, 78D) | Top of the 6th over - 4 runs, 3 hits, 0 errors, 0 left on base; Bismark 13 - San Diego 1 | BOTTOM OF THE 6TH |
---|
San Diego Smashers batting - Pitching for Bismark Border Guards : RHP Adrián Sandoval | Batting: LHB Richard Brooks | 0-0: Ball 1-0: Ball 2-0: Ball 3-0: Base on Balls | Pitching: RHP Les Johnston | | Batting: LHB John White | 0-0: Called Strike 0-1: Ball 1-1: Swinging Strike 1-2: Strikes out swinging | Batting: LHB Steven Smith | 0-0: Ball Richard Brooks is caught stealing 2nd base 1-0: Foul Ball, location: 2F 1-1: Fly out, F5 (Popup, 5SF) | Bottom of the 6th over - 0 runs, 0 hits, 0 errors, 0 left on base; Bismark 13 - San Diego 1 | TOP OF THE 7TH |
---|
Bismark Border Guards batting - Pitching for San Diego Smashers : RHP Eric Johnston | Batting: LHB Alan Moore | 0-0: Ball 1-0: Called Strike 1-1: DOUBLE (Line Drive, 78XD) | Batting: RHB Vincent Braun | 0-0: Foul Ball, location: 2F 0-1: Ball 1-1: Swinging Strike 1-2: Ground out 5-3 (Groundball, 25) Alan Moore to third | Batting: RHB Danny Spode | 0-0: Ball 1-0: Ball 2-0: Called Strike 2-1: Called Strike 2-2: Ground out 6-3 (Groundball, 6) | Batting: RHB Sergio Solíz | 0-0: Called Strike 0-1: Foul Ball, location: 2F 0-2: Ball 1-2: Ball 2-2: Strikes out swinging | Top of the 7th over - 0 runs, 1 hit, 0 errors, 1 left on base; Bismark 13 - San Diego 1 | BOTTOM OF THE 7TH |
---|
San Diego Smashers batting - Pitching for Bismark Border Guards : RHP Les Johnston | Now at 3B: José Vidal | | Batting: RHB Gerald Davis | 0-0: Ball 1-0: Ball 2-0: Called Strike 2-1: Ball 3-1: Fly out, F7 (Flyball, 7LMF) | Batting: RHB Ray Rogers | 0-0: Ball 1-0: Ball 2-0: Called Strike 2-1: Foul Ball, location: 2F 2-2: Ball 3-2: Strikes out swinging | Batting: SHB Michael Aisher | 0-0: Called Strike 0-1: Foul Ball, location: 2F 0-2: Ball 1-2: Foul Ball, location: 2F 1-2: Strikes out looking | Bottom of the 7th over - 0 runs, 0 hits, 0 errors, 0 left on base; Bismark 13 - San Diego 1 | TOP OF THE 8TH |
---|
Bismark Border Guards batting - Pitching for San Diego Smashers : RHP Eric Johnston | Batting: LHB Kelsey Scott | 0-0: Ball 1-0: Called Strike 1-1: Foul Ball, location: 2F 1-2: Ball 2-2: Ball 3-2: Foul Ball, location: 2F 3-2: Base on Balls | Batting: RHB Rodrigo García | 0-0: Called Strike Kelsey Scott steals 2nd base 0-1: Ground out 6-3 (Groundball, 6) Kelsey Scott to third | Batting: RHB Alfredo Farías | 0-0: Foul Ball, location: 2F 0-1: Foul Ball, location: 2F 0-2: Fly out, F7 (Line Drive, 7) Runner from 3rd tags up, SCORES, no throw | Batting: LHB Will Hill | 0-0: Ground out 4-3 (Groundball, 4) | Top of the 8th over - 1 run, 0 hits, 0 errors, 0 left on base; Bismark 14 - San Diego 1 | BOTTOM OF THE 8TH |
---|
San Diego Smashers batting - Pitching for Bismark Border Guards : RHP Les Johnston | Now in LF: Oliver Sánchez | | Batting: LHB Nick Hill | 0-0: Foul Ball, location: 2F 0-1: Foul Ball, location: 2F 0-2: Ball 1-2: Ball 2-2: Ball 3-2: Base on Balls | Batting: RHB Juan Morales | 0-0: Ball 1-0: SINGLE (Line Drive, 56D) Nick Hill to second | Batting: LHB Dale Miller | 0-0: Ball 1-0: Called Strike 1-1: Ball 2-1: Foul Ball, location: 2F 2-2: Ball 3-2: Strikes out looking | Batting: LHB Richard Brooks | 0-0: Ball 1-0: Ball 2-0: Ball 3-0: Base on Balls Nick Hill to third Juan Morales to second | Batting: LHB John White | 0-0: Grounds into double play, 6-4-3 (Groundball, 6) | Bottom of the 8th over - 0 runs, 1 hit, 0 errors, 2 left on base; Bismark 14 - San Diego 1 | TOP OF THE 9TH |
---|
Bismark Border Guards batting - Pitching for San Diego Smashers : RHP Eric Johnston | Batting: RHB Jackson Gibson | 0-0: Single, Error in OF, E9, batter to second base | Batting: LHB Alan Moore | 0-0: Ball 1-0: Ball 2-0: Called Strike 2-1: Foul Ball, location: 2F 2-2: Fly out, F5 (Popup, 56S) | Batting: RHB Vincent Braun | 0-0: Swinging Strike 0-1: Swinging Strike 0-2: Ball 1-2: Strikes out swinging | Batting: RHB José Vidal | 0-0: Ball 1-0: SINGLE (Line Drive, 89S) Jackson Gibson to third Runner from 3rd tries for Home, throw and OUT! | Top of the 9th over - 0 runs, 2 hits, 1 error, 1 left on base; Bismark 14 - San Diego 1 | BOTTOM OF THE 9TH |
---|
San Diego Smashers batting - Pitching for Bismark Border Guards : RHP Les Johnston | Batting: LHB Steven Smith | 0-0: Ball 1-0: Ball 2-0: Foul Ball, location: 2F 2-1: Foul Ball, location: 2F 2-2: Foul Ball, location: 2F 2-2: Ball 3-2: SOLO HOME RUN (Flyball, 9LD), Distance : 351 ft | Batting: RHB Gerald Davis | 0-0: Ball 1-0: Called Strike 1-1: Ground out 4-3 (Groundball, 4) | Batting: RHB Ray Rogers | 0-0: Ball 1-0: Ball 2-0: Swinging Strike 2-1: Ball 3-1: Fly out, F9 (Flyball, 9) | Batting: SHB Michael Aisher | 0-0: Ball 1-0: Hit by Pitch | Batting: LHB Nick Hill | 0-0: Fly out, F7 (Flyball, 7LDF) | Bottom of the 9th over - 1 run, 1 hit, 0 errors, 1 left on base; Bismark 14 - San Diego 2 | |